 Dungeon Crawl Stone Soup version 0.19-a0-1682-g5114f93 (webtiles) character file.

29956 Kalmarka the Basher (level 13, -1/120 HPs)
             Began as a Naga Fighter on Sept 24, 2016.
             Was an Elder of Okawaru.
             Slain by a troll (9 damage)
             ... on level 1 of the Orcish Mines.
             The game lasted 01:03:31 (13363 turns).

Kalmarka the Basher (Naga Fighter)                 Turns: 13363, Time: 01:03:32

Health: -1/120     AC: 31    Str: 22    XL:     13   Next: 48%
Magic:  15/15      EV:  3    Int: 16    God:    Okawaru [****..]
Gold:   713        SH: 13    Dex: 12    Spells: 0 memorised, 12 levels left

rFire  + + .     SeeInvis +     n - +5 mace (venom)
rCold  . . .     Gourm    .     a - +0 plate armour {rPois}
rNeg   . . .     Faith    .     c - +1 shield
rPois  +         Spirit   .     g - +0 helmet "Kuxtizi" {rElec rF+ Slay+5}
rElec  +         Dismiss  .     j - +0 cloak
rCorr  .         Reflect  .     I - +0 pair of gloves
MR     ++++.     Harm     .     v - +4 naga barding "Pefauwk" {-Tele rF+ MR++ Int+2}
Stlth  .......... NoTele   +    (no amulet)
                                o - +5 ring of intelligence
                                k - +3 ring of protection

@: very slow
A: see invisible, deformed body, magic resistance 1, poison resistance, slowness
2, slow metabolism 1, spit poison 1, constrict 1, AC +4
a: Spit Poison, Heroism, Renounce Religion


You were on level 1 of the Orcish Mines.
You worshipped Okawaru.
Okawaru was greatly pleased with you.
You were not hungry.

You visited 3 branches of the dungeon, and saw 16 of its levels.
You also visited: Ossuary.

You collected 938 gold pieces.
You spent 225 gold pieces at shops.

Inventory:

Hand Weapons
 n - a +5 mace of venom (weapon)
 L - a +0 blowgun
Missiles
 i - 3 needles of confusion
 B - 4 tomahawks (quivered)
 K - 6 needles of sleeping
 M - 6 curare-tipped needles
Armour
 a - a +0 plate armour of poison resistance (worn)
 c - a +1 shield (worn)
 f - a +0 plate armour of magic resistance
 g - the +0 helmet "Kuxtizi" (worn) {rElec rF+ Slay+5}
   (You took it off Robin on level 2 of the Dungeon)

   It affects your accuracy and damage with ranged weapons and melee attacks
   (+5).
   It protects you from fire.
   It insulates you from electricity.
 j - a +0 cloak (worn)
 v - the +4 naga barding "Pefauwk" (worn) {-Tele rF+ MR++ Int+2}
   (Okawaru gifted it to you on level 12 of the Dungeon)

   It affects your intelligence (+2).
   It protects you from fire.
   It affects your resistance to hostile enchantments.
   It prevents most forms of teleportation.
 I - a +0 pair of gloves (worn)
 V - a +0 plate armour
Jewellery
 k - a +3 ring of protection (left hand)
 o - a +5 ring of intelligence (right hand)
Wands
 d - a wand of flame (20/48)
 s - a wand of slowing (12/48)
 y - a wand of flame (33/48)
 F - a wand of enslavement (7/24)
 G - a wand of confusion (14/48)
 S - a wand of lightning (5/15)
Scrolls
 b - 3 scrolls of magic mapping
 l - 2 scrolls of recharging
 p - 4 scrolls of teleportation
 r - 2 scrolls of fog
 x - 2 scrolls of remove curse
 Q - a scroll of amnesia
 R - a scroll of enchant armour
Potions
 e - 2 potions of brilliance
 q - 2 potions of cure mutation
 u - a potion of agility
 D - 3 potions of degeneration {unknown}
 E - a potion of cancellation
Books
 z - a book of Burglary

   Spells                             Type                      Level
   a - Swiftness                      Charms/Air                   2
   b - Passwall                       Transmutation/Earth          2
   c - Passage of Golubria            Translocation                4
   d - Lee's Rapid Deconstruction     Earth                        5
   e - Darkness                       Hexes                        6
   f - Invisibility                   Hexes                        6
Comestibles
 h - 8 meat rations
 A - 7 bread rations


   Skills:
 + Level 8.9 Fighting
 + Level 12.7 Maces & Flails
   Level 3.6 Polearms
 + Level 5.8 Throwing
 * Level 9.0 Armour
 - Level 1.4 Stealth
 * Level 9.5 Shields
 - Level 3.3 Invocations


You had 12 spell levels left.
You didn't know any spells.

Dungeon Overview and Level Annotations

Branches:
Dungeon (13/15)            Temple (1/1) D:7            Lair (0/6) D:11
    Orc (2/2) D:11            Elf (0/3) Orc:2
 Vaults: D:13-14

Altars:
Ashenzari
Cheibriados
Dithmenos
Elyvilon
Fedhas
Gozag
Hepliaklqana
Kikubaaqudgha
Makhleb
Nemelex Xobeh
Okawaru
Qazlal
Ru
Sif Muna
Trog
Uskayaw
Vehumet
Xom
Yredelemnul
Zin
The Shining One

Shops:
D:4 ?   D:5 *   D:9 (   Orc:2 :

Annotations:
Orc:2 st0uf's ghost, journeyman DsFi


Innate Abilities, Weirdness & Mutations

You cannot wear boots.
Your serpentine skin is tough. (AC +4)
You have supernaturally acute eyesight. (SInv)
Armour fits poorly on your strangely shaped body.
Your system is resistant to poisons. (rPois)
You cover ground very slowly.
You have a slow metabolism.
You can spit poison.
You can use your snake-like lower body to constrict enemies.
You are resistant to hostile enchantments. (MR+)


Message History

Okay, then.
Press: ? - help, v - describe, . - travel, g - get item
Here: a troll (lightly wounded, constricted by you)
A dagger.
There is something else lying underneath.
The floor, spattered with blood.
As you read the scroll of fog, it crumbles to dust.
The scroll dissolves into smoke.
You constrict the troll.
The orc priest hits you but does no damage.
You block the orc's attack. You block the troll's attack.
The troll claws you but does no damage. x2; You block the ogre's attack.
Evoke which item? (* to show all) (? for menu, Esc to quit)
Zapping:
F - a wand of enslavement (will waste charges)
Press: ? - help, Shift-Dir - straight line, f - troll
Aim: a troll (grey smoke, lightly wounded, constricted by you, chance to defeat MR: 46%)
The troll resists with some effort.
Evoking this partially-identified wand wasted a few charges.
You constrict the troll. You block the orc priest's attack.
The orc hits you but does no damage. The troll bites you!
You die...

###.....#.#.#.#...##.....#
.###...............##.#.##
..##....#.#.#.....##....##
..##.....................#
........................##
.....#..............#.#.##
...............))).......#
....#..........ToO......##
##.##......#...o@§......#
.##..#.#....#..§§§......##
##..^.###................#
###..##.........#.#..#...###
##.#.........##.####.....##
#............#...# ##.....##
##.#.....#......## ####...#
####............# ##.##
#............## ###


You could see a troll, an ogre, an orc priest and an orc.

Vanquished Creatures
  An orc warlord (Orc:1)
  A hydra (D:11)
  5 skeletal warriors (D:13)
  An unseen horror (D:12)
  A deep troll (Orc:1)
  3 orc knights
  5 hill giants
  A wolf spider zombie (D:12)
  4 ugly things
  2 orc sorcerers
  4 manticores
  A cyclops (Orc:2)
  Maurice (Orc:1)
  A kobold demonologist (D:12)
  An efreet (D:12)
  A komodo dragon (D:12)
  The ghost of Potsanchik the Cruncher, a novice DEGl of Uskayaw (D:4)
  8 trolls
  Prince Ribbit (D:8)
  Grinder (D:5)
  4 two-headed ogres
  A hippogriff (D:12)
  A vampire (D:12)
  A wyvern (D:10)
  Grum (D:8)
  11 yaks
  A steam dragon (D:10)
  3 hungry ghosts
  4 wargs
  A water moccasin (D:10)
  5 ice beasts
  19 orc warriors
  7 sky beasts
  2 phantoms
  19 ogres
  4 centaurs
  4 wolves (D:8)
  3 big kobolds
  3 bullfrogs
  3 water moccasin zombies (Ossuary)
  2 wyvern skeletons
  2 scorpions
  A howler monkey (D:12)
  An electric eel (D:11)
  10 crimson imps
  2 bullfrog zombies
  2 centaur skeletons
  7 hounds
  8 orc priests
  3 bullfrog skeletons
  4 jellies
  18 orc wizards
  Ijyb (D:3)
  2 iguanas
  Natasha (thrice) (D:3)
  4 worker ants
  2 big kobold zombies (Ossuary)
  2 mummies (Ossuary)
  Robin (D:2)
  14 gnolls
  9 adders
  2 shadow imps
  An ooze (D:5)
  3 adder zombies
  2 worms
  5 dart slugs
  5 leopard geckos
  84 orcs
  6 giant cockroaches
  2 gnoll zombies (Ossuary)
  12 goblins
  13 hobgoblins
  2 jackals (D:11)
  6 quokkas
  4 ball pythons
  6 bats
  4 frilled lizards
  8 hobgoblin zombies (Ossuary)
  19 kobolds
  5 kobold zombies (Ossuary)
  A leopard gecko skeleton (D:4)
  4 orc zombies (Ossuary)
  A quokka skeleton (D:9)
  6 rats
440 creatures vanquished.

Vanquished Creatures (others)
  An unseen horror (D:12)
1 creature vanquished.

Grand Total: 441 creatures vanquished

Notes
Turn   | Place    | Note
-------+----------+-------------------------------------------
     0 | D:1      | Kalmarka the Naga Fighter began the quest for the Orb.
     0 | D:1      | Reached XP level 1. HP: 21/21 MP: 1/1
   101 | D:1      | Reached XP level 2. HP: 22/28 MP: 2/2
   447 | D:1      | Reached XP level 3. HP: 34/34 MP: 3/3
   834 | D:2      | Noticed Robin
   868 | D:2      | Killed Robin
   868 | D:2      | Reached XP level 4. HP: 11/42 MP: 4/4
   872 | D:2      | Got an ichor-stained helmet
   878 | D:2      | Identified the +0 helmet "Kuxtizi" {rElec rF+ Slay+5} (You took it off Robin on level 2 of the Dungeon)
  1878 | D:3      | Noticed Natasha
  1882 | D:3      | Killed Natasha
  1882 | D:3      | Reached skill level 1 in Stealth
  1882 | D:3      | Reached XP level 5. HP: 49/49 MP: 5/5
  1909 | D:3      | Noticed Natasha
  1918 | D:3      | Killed Natasha
  2149 | D:3      | Noticed Natasha
  2155 | D:3      | Killed Natasha
  2370 | D:3      | Reached XP level 6. HP: 56/56 MP: 6/6
  2482 | D:3      | Noticed Ijyb
  2490 | D:3      | Killed Ijyb
  2572 | D:4      | Found a sand-covered staircase.
  2578 | Ossuary  | Entered an ossuary
  2608 | Ossuary  | Reached skill level 1 in Maces & Flails
  2665 | Ossuary  | Reached skill level 2 in Maces & Flails
  2665 | Ossuary  | Reached XP level 7. HP: 41/63 MP: 7/7
  2894 | D:4      | Noticed Potsanchik's ghost (novice DEGl)
  2914 | D:4      | Killed Potsanchik's ghost
  2914 | D:4      | Reached skill level 4 in Maces & Flails
  2953 | D:4      | Found Owownirap's Magic Scroll Shoppe.
  2963 | D:4      | Bought a scroll of teleportation for 39 gold pieces
  2963 | D:4      | Bought a scroll of teleportation for 39 gold pieces
  2963 | D:4      | Bought a scroll of teleportation for 39 gold pieces
  2963 | D:4      | Bought a scroll of teleportation for 39 gold pieces
  3001 | D:4      | Reached XP level 8. HP: 42/73 MP: 8/8
  3517 | D:5      | Entered Level 5 of the Dungeon
  3531 | D:5      | Reached skill level 5 in Maces & Flails
  3618 | D:5      | Found a stormy altar of Qazlal.
  4065 | D:5      | Noticed Grinder
  4071 | D:5      | Paralysed by Grinder for 4 turns
  4076 | D:5      | Paralysed by Grinder for 5 turns
  4090 | D:5      | Killed Grinder
  4195 | D:5      | Found Tilodghe's Assorted Antiques.
  4206 | D:5      | Reached skill level 5 in Fighting
  4216 | D:5      | Bought a potion of curing for 69 gold pieces
  4254 | D:6      | Reached skill level 6 in Maces & Flails
  4293 | D:6      | Reached skill level 5 in Armour
  4385 | D:6      | Reached XP level 9. HP: 80/81 MP: 9/9
  4672 | D:6      | Reached skill level 5 in Shields
  4952 | D:7      | Reached skill level 7 in Maces & Flails
  5156 | D:7      | Found a staircase to the Ecumenical Temple.
  5167 | Temple   | Entered the Ecumenical Temple
  5250 | Temple   | Became a worshipper of Warmaster Okawaru
  5758 | D:8      | Noticed Grum
  5769 | D:8      | Reached skill level 8 in Maces & Flails
  5772 | D:8      | Reached * piety under Okawaru
  5793 | D:8      | Killed Grum
  5869 | D:8      | Reached XP level 10. HP: 78/91 MP: 10/10
  5991 | D:8      | Reached skill level 1 in Throwing
  6020 | D:8      | Noticed Prince Ribbit
  6028 | D:8      | Killed Prince Ribbit
  6207 | D:8      | Reached ** piety under Okawaru
  6267 | D:8      | Reached skill level 9 in Maces & Flails
  6921 | D:9      | Found Epifuana's Weapon Shop.
  7379 | D:10     | Entered Level 10 of the Dungeon
  7379 | D:10     | Noticed a hill giant
  7389 | D:10     | Killed a hill giant
  7479 | D:10     | Reached *** piety under Okawaru
  7497 | D:10     | Reached skill level 10 in Maces & Flails
  7528 | D:10     | Reached XP level 11. HP: 83/99 MP: 11/11
  7698 | D:10     | Noticed a hill giant
  7717 | D:10     | Killed a hill giant
  7760 | D:10     | Reached **** piety under Okawaru
  8321 | D:11     | Found a staircase to the Orcish Mines.
  8343 | D:11     | Noticed a seven-headed hydra
  8352 | D:11     | Killed a seven-headed hydra
  8417 | D:11     | Noticed a brown ugly thing
  8437 | D:11     | Killed a brown ugly thing
  8437 | D:11     | Received a gift from Okawaru
  8519 | D:11     | Found a staircase to the Lair.
  8567 | D:11     | Noticed a hill giant
  8575 | D:11     | Killed a hill giant
  8575 | D:11     | Reached ***** piety under Okawaru
  8989 | D:11     | Noticed a hill giant
  8998 | D:11     | Killed a hill giant
  8998 | D:11     | Received a gift from Okawaru
  9157 | D:12     | Noticed a cyan ugly thing
  9166 | D:12     | Killed a cyan ugly thing
  9166 | D:12     | Reached skill level 11 in Maces & Flails
  9315 | D:12     | Noticed a soul eater
  9397 | D:12     | Reached skill level 5 in Throwing
  9520 | D:12     | Noticed an unseen horror
  9529 | D:12     | Killed an unseen horror
  9559 | D:12     | Received a gift from Okawaru
  9559 | D:12     | Reached skill level 1 in Invocations
  9559 | D:12     | Reached XP level 12. HP: 70/109 MP: 6/12
 10600 | D:13     | Gained mutation: You are resistant to hostile enchantments. (MR+) [mutagenic meat]
 10660 | D:13     | Received a gift from Okawaru
 10827 | D:13     | HP: 4/166 [skeletal warrior/glaive of protection (12)]
 11227 | D:12     | Received a gift from Okawaru
 11227 | D:12     | Reached skill level 12 in Maces & Flails
 11383 | D:12     | Got a smoking naga barding {god gift}
 11389 | D:12     | Identified the +4 naga barding "Pefauwk" {-Tele rF+ MR++ Int+2} (Okawaru gifted it to you on level 12 of the Dungeon)
 11495 | Orc:1    | Entered Level 1 of the Orcish Mines
 11633 | Orc:1    | Gained mutation: You can use your snake-like lower body to constrict enemies. [Naga growth]
 11633 | Orc:1    | Reached XP level 13. HP: 46/118 MP: 15/15
 12217 | Orc:2    | Entered Level 2 of the Orcish Mines
 12217 | Orc:2    | Found a staircase to the Elven Halls.
 12272 | Orc:2    | Found Vaudaq's Book Shop.
 12305 | Orc:2    | Noticed an orc warlord
 12312 | Orc:2    | Noticed Maurice
 12328 | Orc:1    | Killed an orc warlord
 12496 | Orc:1    | Killed Maurice
 12843 | Orc:2    | Noticed st0uf's ghost (journeyman DsFi)
 12991 | Orc:2    | Found a radiant altar of Vehumet.
 13363 | Orc:1    | Slain by a troll

Vault maps used:
D:1:      eino_arrival_water_cross
D:2:      first_bread, uniq_robin
D:3:      uniq_natasha, uniq_iyjb
D:4:      enter_ossuary_2, serial_shops, nicolae_shop_waterfront
D:5:      serial_shops, shop, basic_altar, uniq_grinder
D:8:      blue_anna_alchemist, minmay_misc_feat_columns, uniq_grum,
          uniq_prince_ribbit1
D:9:      serial_shops, nicolae_shop_waterfront
D:10:     minmay_misc_feat_doors
D:11:     erik_lair_orcish_takeover, orc_0_dummy, lab_entry_generic,
          grunt_ministairs_8, nicolae_lava_and_water
D:13:     grunt_vaults_entry_tiered, uniq_sonja
Temple:   nicolae_temple_the_god_donut
Orc:1:    lightli_orcish_oven, uniq_harold
Orc:2:    st_orc_open, basic_altar, serial_shops, shop, uniq_maurice
Ossuary:  ossuary_tomb_2

Skill      XL: |  1  2  3  4  5  6  7  8  9 10 11 12 13 |
---------------+----------------------------------------+-----
Shields        | 3 4 5 6 7 8 9 |  9.5
Polearms       | 3 |  3.6
Armour         | 3 4 5 6 7 8 9 |  9.0
Stealth        | 1 |  1.4
Maces & Flails | 2 4 6 8 10 11 12 | 12.7
Fighting       | 4 5 6 7 8 |  8.9
Throwing       | 2 5 |  5.8
Invocations    | 1 3 |  3.3

Action                   |  1- 3 |  4- 6 |  7- 9 | 10-12 | 13-15 || total
-------------------------+-------+-------+-------+-------+-------++-------
Melee: Trident           |   117 |    84 |       |       |       ||   201
       Mace              |       |    74 |   354 |   616 |   198 ||  1242
       Constrict         |       |       |       |       |    45 ||    45
 Fire: Blowgun           |       |       |       |    23 |       ||    23
Throw: Tomahawk          |       |       |     7 |   100 |    18 ||   125
       Javelin           |       |       |       |     8 |       ||     8
Invok: Heroism           |       |       |       |    14 |     7 ||    21
       Finesse           |       |       |       |     3 |     4 ||     7
 Abil: Spit Poison       |       |     3 |       |     4 |       ||     7
Evoke: Wand              |       |       |       |       |     1 ||     1
  Use: Scroll            |     3 |     4 |     9 |    19 |     4 ||    39
       Potion            |     2 |     4 |     6 |     9 |       ||    21
 Stab: Distracted        |     1 |       |       |       |       ||     1
       Confused          |       |       |       |     1 |       ||     1
  Eat: Pizza             |       |     2 |       |       |       ||     2
       Bread ration      |       |     1 |     2 |       |       ||     3
       Fruit             |       |       |       |    24 |       ||    24
       Beef jerky        |       |       |       |     1 |     1 ||     2
       Chunk             |       |       |       |     1 |       ||     1
       Meat ration       |       |       |       |       |     1 ||     1
Armor: Scale mail        |    55 |    48 |       |       |       ||   103
       Chain mail        |       |    19 |   186 |   242 |       ||   447
       Plate armour      |       |       |       |    53 |   127 ||   180
Dodge: Dodged            |    20 |    27 |    39 |    90 |    39 ||   215
Block: Shield            |    60 |    58 |   182 |   339 |   185 ||   824
